 Dungeon Crawl Stone Soup version 0.28.0-45-g0d030f2227 (webtiles) character file.

Game seed: 1422020049498174024

725 Fartwhistle the Skirmisher (level 7, -2/58 (64) HPs)
             Began as a Hill Orc Fighter on Apr 13, 2022.
             Shot with an arrow by a centaur (7 damage)
             ... on level 5 of the Dungeon.
             The game lasted 00:09:34 (4760 turns).

Fartwhistle the Skirmisher (Hill Orc Fighter)       Turns: 4760, Time: 00:09:37

HP:   -2/58 (64)    AC:  7    Str: 27    XL:     7   Next: 71%
MP:   5/7           EV:  9    Int:  8    God:
Gold: 208           SH:  4    Dex: 10    Spells: 6/6 levels left

rFire   . . .      SeeInvis .   a - +0 war axe
rCold   . . .      Faith    .   c - +0 buckler
rNeg    . . .      Spirit   .   b - +0 scale mail
rPois   .          Reflect  .   (no helmet)
rElec   .          Harm     .   t - scarf {+Inv}
rCorr   .          Rampage  .   (no gloves)
Will    .....                   (no boots)
Stlth   ..........              (no amulet)
HPRegen 0.19/turn               n - +6 ring of strength
MPRegen 0.10/turn               (no ring)

@: drained
A: no striking features
a: Evoke Invisibility


You were on level 5 of the Dungeon.
You visited 1 branch of the dungeon, and saw 5 of its levels.

You collected 208 gold pieces.

Inventory:

Hand Weapons
 a - a +0 war axe (weapon)
Armour
 b - a +0 scale mail (worn)
 c - a +0 buckler (worn)
 l - an orb of guile
 q - a +2 cloak
 t - a scarf of invisibility (worn)
Jewellery
 n - a +6 ring of strength (left hand)
Scrolls
 e - a scroll of fog {unknown}
 f - 3 scrolls of torment {unknown}
 i - 2 scrolls of enchant armour {unknown}
 m - a scroll of enchant weapon {unknown}
 o - 2 scrolls of identify {unknown}
 s - a scroll of teleportation {unknown}
Potions
 g - a potion of cancellation
 h - a potion of flight {unknown}
 j - 2 potions of degeneration {unknown}
 k - 2 potions of curing {unknown}
 p - a potion of heal wounds {unknown}
 r - a potion of brilliance {unknown}


   Skills:
 + Level 6.6 Fighting
 + Level 6.5 Axes
 + Level 5.9 Armour
 - Level 3.3 Shields
 - Level 2.0 Evocations


You had 6 spell levels left.
You didn't know any spells.
Your spell library contained the following spells:

 Spells                   Type           Power      Damage    Failure   Level
 Sandblast                Erth           0%         2d4       77%         1
 Ensorcelled Hibernation  Hex/Ice        0%         N/A       88%         2
 Passwall                 Tmut/Erth      0%         N/A       88%         2
 Call Canine Familiar     Summ           0%         N/A       98%         3
 Portal Projectile        Hex/Tloc       0%         N/A       98%         3
 Stone Arrow              Conj/Erth      0%         3d7       98%         3
 Swiftness                Air            0%         N/A       98%         3
 Animate Dead             Necr           0%         N/A       100%        4
 Leda's Liquefaction      Hex/Erth       0%         N/A       100%        4
 Borgnjor's Vile Clutch   Necr/Erth      0%         N/A       100%        5
 Death Channel            Necr           0%         N/A       100%        6


Dungeon Overview and Level Annotations

Branches:
Dungeon (5/15)             Temple (0/1) D:4

Altars:
Hepliaklqana
Xom


Message History

You feel very sick.
The scorpion stings you but does no damage.
You slash the scorpion!
You kill the scorpion!
You feel sick.
Your life force feels restored.
No target in view!
No target in view!
You feel sick.
You feel sick.
You feel sick.
You feel sick.
You feel sick.
You are no longer poisoned.
A centaur comes into view.
The centaur wields a +0 shortbow.
The centaur shoots an arrow.
The arrow hits you.
The centaur shoots an arrow.
The arrow hits you.
The centaur shoots an arrow.
The arrow hits you.
An adder comes into view.
The adder hisses angrily.
The centaur shoots an arrow.
The arrow hits you!
* * * LOW HITPOINT WARNING * * *
You feel drained.
You fade into invisibility!
You are very lightly contaminated with residual magic.
The centaur shoots an arrow.
The arrow misses you.
The centaur shoots an arrow.
The arrow hits you!
* * * LOW HITPOINT WARNING * * *
The centaur shoots an arrow.
The arrow hits you.
* * * LOW HITPOINT WARNING * * *
The centaur shoots an arrow.
You block the arrow.
It was a potion of cancellation.
Your magical effects are unravelling.
You feel magically purged.
Your magical contamination has completely faded away.
You flicker back into view.
The centaur shoots an arrow.
The arrow hits you but does no damage.
The centaur shoots an arrow.
The arrow hits you!
You die...

#........##.....##
##......[#.......#...)...#
#........#.......# ......#
...#.....#.......# ......#
.........##.....## ....#
..........##...## ...#
.........####'#######'#######
.....................)S......
#..............@....†c......
#..##...>...................
... ##....##'#######†#######
.. #...##...## ...#
....##..†..## .....#
...#.#.......#.......#
..##.#..(....#.......#
#...(...#...(...#
##.....###.....##


You could see a centaur and an adder.

Vanquished Creatures
  A black bear (D:4)
  A bullfrog (D:4)
  2 scorpions (D:5)
  A howler monkey (D:5)
  A hound (D:5)
  A gnoll shaman (D:5)
  A jelly (D:5)
  2 iguanas (D:5)
  2 orc wizards (D:5)
  A hound zombie (D:5)
  6 gnolls
  8 adders
  An ufetubus (D:4)
  2 worms
  2 dart slugs
  6 orcs
  5 endoplasms
  2 giant cockroaches
  8 goblins
  5 hobgoblins
  A quokka (D:2)
  6 ball pythons
  5 bats
  4 frilled lizards
  2 kobolds (D:3)
  2 quokka skeletons (D:4)
  7 rats
85 creatures vanquished.

Notes
Turn   | Place    | Note
-------+----------+-------------------------------------------
     0 | D:1      | Fartwhistle the Hill Orc Fighter began the quest for the
                  | Orb.
     0 | D:1      | Reached XP level 1. HP: 19/19 MP: 1/1
   369 | D:1      | Reached XP level 2. HP: 27/27 MP: 2/2
   782 | D:1      | Reached XP level 3. HP: 13/33 MP: 3/3
  1331 | D:2      | Found a shimmering altar of Xom.
  1368 | D:2      | Reached XP level 4. HP: 40/41 MP: 4/4
  2219 | D:3      | Reached XP level 5. HP: 45/47 MP: 5/5
  2757 | D:3      | Found a faded altar of an unknown god.
  3092 | D:4      | Found a staircase to the Ecumenical Temple.
  3137 | D:4      | Reached skill level 5 in Fighting
  3438 | D:4      | Found a hazy altar of Hepliaklqana.
  3647 | D:5      | Entered Level 5 of the Dungeon
  3680 | D:5      | Noticed a black bear
  3690 | D:4      | Reached skill level 1 in Evocations
  3695 | D:4      | Reached skill level 5 in Axes
  3695 | D:4      | Reached XP level 6. HP: 34/56 MP: 6/6
  3699 | D:4      | Killed a black bear
  3700 | D:4      | Reached skill level 5 in Armour
  4038 | D:5      | Reached XP level 7. HP: 45/61 MP: 5/7
  4760 | D:5      | Shot with an arrow by a centaur

Illustrated notes

Levels and vault maps discovered:
D:1:      dpeg_arrival_rooms_with_view, layout_loops_ring
D:2:      layout_basic, basic_altar, nicolae_elevator_lobby_asterisk
D:3:      layout_basic, shapermc_ecumenical_altar_starsandcircs, st_stairs_7,
          hangedman_decor_clover_reticule
D:4:      layout_rooms, nicolae_hepliaklqana_hippocampus,
          minmay_temple_entry_wispy, corexii_checkpoint_a
D:5:      kennysheep_six_static_rooms, layout_cave_pools

Skill      XL: |  1  2  3  4  5  6  7 |
---------------+----------------------+-----
Axes           | 3 4 5 6 |  6.5
Fighting       | 4 5 6 |  6.6
Armour         | 4 5 |  5.9
Evocations     | 1 2 |  2.0
Shields        | |  3.3

Action                   |  1- 3 |  4- 6 |  7- 9 || total
-------------------------+-------+-------+-------++-------
Melee: War axe           |    92 |   136 |    65 ||   293
 Abil: Evoke Invisibilit |       |     1 |     2 ||     3
  Use: Potion            |       |     1 |     1 ||     2
 Stab: Invisible         |       |     2 |     1 ||     3
Armor: Scale mail        |    37 |    58 |    25 ||   120
Dodge: Dodged            |    35 |    74 |    30 ||   139
Block: Buckler           |    22 |    31 |    18 ||    71
